 Dungeon Crawl Stone Soup version 0.32-a0-684-g7bd404c (webtiles) character file.

Game seed: 2048221874436672903

52388 PiplupKawaii the Mimic (level 14, -2/234 HPs)
             Began as a Troll Berserker on Mar 12, 2024.
             Was an Elder of Trog.
             Slain by an eight-headed hydra (12 damage)
             ... on level 4 of the Lair of Beasts.
             The game lasted 00:33:14 (17024 turns).

PiplupKawaii the Mimic (Troll Berserker)           Turns: 17024, Time: 00:33:15

Health: -2/234     AC: 10    Str: 32    XL:     14   Next: 27%
Magic:  13/13      EV: 10    Int:  3    God:    Trog [****..]
Gold:   437        SH:  0    Dex:  9    Spells: 13/13 levels left

rFire   . . .        a - +0 eveningstar (flame)
rCold   . . .        (no shield)
rNeg    . . .        D - +0 steam dragon scales
rPois   +            Q - +1 hat
rElec   .            t - +1 cloak {Stlth+}
rCorr   +            (gloves unavailable)
SInv    .            (boots unavailable)
Will    +....        J - amulet of regeneration Stlth
                     j - ring of resist corrosion
HPRegen 2.19/turn    v - ring of poison resistance
MPRegen 0.13/turn

%: no passive effects
@: berserking (expiring), studying Unarmed Combat, very quick
A: large, unfitting armour, claws 3, regeneration 1, shaggy fur 1, tough skin 1
a: Renounce Religion, Berserk, Trog's Hand, Brothers in Arms


You were on level 4 of the Lair of Beasts.
You worshipped Trog.
Trog was greatly pleased with you.
You visited 3 branches of the dungeon, and saw 17 of its levels.
You also visited: Sewer.

You collected 1557 gold pieces.
You spent 1120 gold pieces at shops.

Inventory:

Hand Weapons
 a - a +0 eveningstar of flaming (weapon)
 H - the +3 trident of Adailunn {protect, rF- Str+5 Int+2}
   (You found it on level 9 of the Dungeon)

   Str+5:     It affects your strength (+5).
   Int+2:     It affects your intelligence (+2).
   rF-:       It makes you vulnerable to fire.
Missiles
 q - 7 curare-tipped darts (quivered)
Armour
 p - the +0 robe "Xaqueh" {Rampage}
   (You found it on level 3 of the Dungeon)

   Rampage:   It bestows one free step when moving towards enemies.
 t - a +1 cloak of stealth (worn)
 C - +0 swamp dragon scales
 D - +0 steam dragon scales (worn)
 Q - a +1 hat (worn)
Jewellery
 d - a ring of see invisible
 j - a ring of resist corrosion (left claw)
 v - a ring of poison resistance (right claw)
 J - an amulet of regeneration (around neck)
 O - a ring of fire
Talismans
 M - a serpent talisman
Wands
 o - a wand of flame (22)
 F - a wand of mindburst (4)
 K - a wand of polymorph (3)
Scrolls
 b - 6 scrolls of teleportation
 e - 4 scrolls of vulnerability {unknown}
 f - 5 scrolls of fear
 g - 3 scrolls of immolation {unknown}
 k - 2 scrolls of amnesia {unknown}
 m - a scroll of brand weapon {unknown}
 s - 2 scrolls of noise {unknown}
 u - 3 scrolls of poison {unknown}
 x - 3 scrolls of fog {unknown}
 y - a scroll of butterflies {unknown}
 A - 3 scrolls of enchant weapon {unknown}
 B - a scroll of revelation {unknown}
 N - a scroll of enchant armour {unknown}
Potions
 c - 4 potions of ambrosia
 h - 4 potions of lignification
 l - 2 potions of resistance
 n - 4 potions of curing
 r - 3 potions of heal wounds
 w - 3 potions of haste
 z - 4 potions of enlightenment
 E - a potion of brilliance
 G - 4 potions of berserk rage
 I - a potion of attraction
 L - a potion of might
 P - a potion of mutation {unknown}
 R - a potion of invisibility {unknown}
 S - a potion of experience {unknown}


   Skills:
 * Level 14.0 Fighting
 - Level 2.4 Dodging
 + Level 13.2 Unarmed Combat
 * Level 14.3 Shapeshifting


You had 13 spell levels left.
You didn't know any spells.
Your spell library contained the following spells:

 Spells                   Type           Power      Damage    Failure   Level
 Apportation              Tloc           0%         N/A       52%         1
 Foxfire                  Conj/Fire      0%         2x1d4     52%         1
 Freeze                   Ice            0%         1d3       52%         1
 Magic Dart               Conj           0%         1d3       52%         1
 Necrotise                Necr           0%         1d4       52%         1
 Sting                    Conj/Alch      0%         1d3       52%         1
 Summon Small Mammal      Summ           0%         N/A       52%         1
 Blink                    Tloc           0%         N/A       67%         2
 Call Imp                 Summ           0%         N/A       67%         2
 Cigotuvi's Dreadful Rot  Necr/Alch/Air  0%         N/A       67%         2
 Mercury Vapours          Alch/Air       0%         N/A       67%         2
 Call Canine Familiar     Summ           0%         N/A       88%         3
 Dazzling Flash           Conj/Hex       0%         N/A       88%         3
 Frozen Ramparts          Ice            0%         1d1       88%         3
 Hailstorm                Conj/Ice       0%         3d5       88%         3
 Inner Flame              Hex/Fire       0%         N/A       88%         3
 Mephitic Cloud           Conj/Alch/Air  0%         N/A       88%         3
 Sigil of Binding         Hex            0%         N/A       88%         3
 Tukima's Dance           Hex            0%         N/A       88%         3
 Brom's Barrelling Bould  Conj/Erth      0%         2d3       99%         4
 Dimensional Bullseye     Hex/Tloc       0%         N/A       99%         4
 Flame Wave               Conj/Fire      0%         2d4       99%         4
 Ignite Poison            Fire/Alch      0%         N/A       99%         4
 Olgreb's Toxic Radiance  Alch           0%         N/A       99%         4
 Passage of Golubria      Tloc           0%         N/A       99%         4
 Sticky Flame             Fire/Alch      0%         2d4       99%         4
 Curse of Agony           Necr           0%         N/A       100%        5
 Fireball                 Conj/Fire      0%         3d3       100%        5
 Freezing Cloud           Conj/Ice/Air   0%         6-21      100%        5
 Iskenderun's Battlesphe  Conj           0%         2d6       100%        5
 Silence                  Hex/Air        0%         N/A       100%        5
 Yara's Violent Unravell  Hex/Alch       0%         3d3       100%        5
 Conjure Ball Lightning   Conj/Air       0%         3x3d6     100%        6
 Plasma Beam              Fire/Air       0%         2x1d10    100%        6
 Sculpt Simulacrum        Ice/Alch       0%         N/A       100%        6
 Starburst                Conj/Fire      0%         6d3       100%        6
 Orb of Destruction       Conj           0%         9d5       100%        7
 Ozocubu's Refrigeration  Ice            0%         4d7       100%        7
 Polar Vortex             Ice            0%         N/A       100%        9


Dungeon Overview and Level Annotations

Branches:
Dungeon (11/15) Zot: 25731  Temple (0/1) D:5            Lair (4/5) D:11 Zot: 20006
 Shoals (0/4) Lair:2       Spider (0/4) Lair:3          Orc (2/2) D:11 Zot: 9145
    Elf (0/3) Orc:2         Sewer (visited)
  Slime: Lair:4-5

Altars:
Ashenzari
Elyvilon
Sif Muna
Vehumet
Xom
Yredelemnul
Beogh

Shops:
D:6 [[   D:10 :   Orc:2 =([*=


Innate Abilities, Weirdness & Mutations

You are too large for most types of armour.
You have claws for hands.
Your natural rate of healing is unusually fast.
You are covered in fur. (AC +1)
You have tough skin. (AC +1)


Message History

The eight-headed hydra bites you but does no damage.
The eight-headed hydra bites you.
The eight-headed hydra bites you but does no damage.
The eight-headed hydra completely misses you.
The eight-headed hydra bites you!
The eight-headed hydra bites you but does no damage.
The eight-headed hydra bites you!
The eight-headed hydra bites you but does no damage.
You take 18 HP, and have [91/234] HP You hit the eight-headed hydra.
You burn the eight-headed hydra.
The eight-headed hydra is lightly wounded.
The eight-headed hydra bites you.
The eight-headed hydra barely misses you.
The eight-headed hydra bites you. x2
The eight-headed hydra bites you but does no damage.
The eight-headed hydra bites you. The eight-headed hydra bites you!
* * * LOW HITPOINT WARNING * * *
The eight-headed hydra bites you!
* * * LOW HITPOINT WARNING * * *
You take 34 HP, and have [57/234] HP You hit the eight-headed hydra.
You burn the eight-headed hydra.
The eight-headed hydra is lightly wounded.
The eight-headed hydra bites you!
* * * LOW HITPOINT WARNING * * *
The eight-headed hydra bites you.
* * * LOW HITPOINT WARNING * * *
The eight-headed hydra bites you!
* * * LOW HITPOINT WARNING * * *
The eight-headed hydra bites you but does no damage. x3
The eight-headed hydra bites you!
* * * LOW HITPOINT WARNING * * *
The eight-headed hydra bites you!
* * * LOW HITPOINT WARNING * * *
You take 43 HP, and have [14/234] HP You puncture the eight-headed hydra!
You burn the eight-headed hydra.
The eight-headed hydra is moderately wounded.
The eight-headed hydra bites you.
* * * LOW HITPOINT WARNING * * *
The eight-headed hydra bites you!
You die...

#..........##.####
..........##..#.#
#..............#
#.......#......
#...##......#
##....#......##
#.......###..P#
##.........D..#
#...).......@.###..
#...........^......#
#...................
#...........P.#..#.#
##.........####.## #
#.........≈≈ ≈
#.≈≈≈≈≈≈≈≈≈≈≈≈ ≈
####≈≈≈≈≈≈≈≈≈≈≈.P~
≈≈≈##≈≈#≈≈≈#~≈


You could see an eight-headed hydra.

Vanquished Creatures
  An orc warlord (Orc:2)
  3 hydras
  Erica (D:10)
  An anaconda (Lair:2)
  An alligator (Lair:2)
  6 death yaks
  A two-headed ogre (D:11)
  4 orc high priests (Orc:2)
  Sonja (Lair:4)
  A fire crab (Lair:2)
  A swamp dragon (Lair:4)
  2 orc knights (Orc:2)
  5 orc sorcerers
  A deep elf pyromancer (D:11)
  A manticore (Lair:2)
  4 kobold blastminers
  6 elephants (Lair:2)
  3 black mambas
  A torpor snail (Lair:1)
  A gargoyle (D:11)
  Maggie (D:6)
  3 cane toads
  A rime drake (Lair:2)
  7 komodo dragons
  Jeremiah (D:6)
  A polar bear (Lair:2)
  3 trolls
  A hornet (Lair:2)
  17 blink frogs
  A vampire (D:10)
  A shadow (D:10)
  A wraith (D:9)
  2 fire elementals (D:11)
  43 yaks
  A spriggan (D:11)
  4 wyverns
  3 basilisks
  3 wargs
  2 vampire mosquitoes (D:11)
  3 fire bats (D:11)
  6 steam dragons
  2 redbacks (Lair:3)
  A swamp worm (Lair:4)
  11 water moccasins
  An acid dragon (D:11)
  2 ice beasts
  A sky beast (D:7)
  33 orc warriors
  3 black bears
  6 ogres
  3 centaurs
  6 wolves (Lair:2)
  A phantom (D:5)
  3 kobold brigands
  8 bullfrogs
  Blork the orc (D:6)
  A gnoll sergeant (D:7)
  2 scorpions
  A water moccasin zombie (D:6)
  9 wights (D:7)
  19 killer bees
  3 howler monkeys
  3 electric eels (Lair:2)
  A bullfrog zombie (D:6)
  23 orc priests
  A hound (D:6)
  A jelly (D:6)
  Crazy Yiuf (D:3)
  2 sleepcaps
  Terence (D:3)
  35 orc wizards
  4 iguanas
  A hell rat (Sewer)
  6 gnolls
  2 river rats (Sewer)
  5 adders
  3 white imps
  4 ufetubi (D:5)
  2 dart slugs
  3 ribbon worms
  86 orcs
  5 endoplasms
  5 giant cockroaches
  7 hobgoblins
  6 jackals
  2 quokkas
  8 ball pythons
  A bat (D:10)
  A frilled lizard (D:3)
  4 goblins
  17 kobolds
  11 rats
518 creatures vanquished.

Vanquished Creatures (collateral kills)
  An orc warlord (Orc:2)
  2 orc knights (Orc:2)
  2 kobold blastminers (Orc:2)
  A wyvern (Lair:2)
  3 orc warriors (Orc:2)
  7 orcs (Orc:2)
16 creatures vanquished.

Vanquished Creatures (others)
  A warg (Orc:2)
  An orc wizard (Orc:2)
  2 kobolds (D:7)
  A butterfly (D:6)
5 creatures vanquished.

Grand Total: 539 creatures vanquished

Notes
Turn   | Place    | Note
-------+----------+-------------------------------------------
     0 | D:1      | PiplupKawaii the Troll Berserker began the quest for the
                  | Orb.
     0 | D:1      | Reached XP level 1. HP: 22/22 MP: 0/0
    57 | D:1      | Reached XP level 2. HP: 23/29 MP: 1/1
   459 | D:1      | Found a faded altar of an unknown god.
   517 | D:1      | Reached XP level 3. HP: 37/37 MP: 2/2
  2057 | D:3      | Reached XP level 4. HP: 44/46 MP: 3/3
  2083 | D:3      | Identified the +0 robe "Xaqueh" {Rampage}
  2180 | D:3      | Found a runed translucent door.
  2181 | D:3      | Noticed Crazy Yiuf
  2186 | D:3      | Killed Crazy Yiuf
  2363 | D:3      | Noticed Terence
  2368 | D:3      | Killed Terence
  2369 | D:3      | Reached XP level 5. HP: 38/54 MP: 4/4
  2533 | D:3      | Reached ** piety under Trog
  2547 | D:3      | Found a glowing drain.
  2551 | Sewer    | Entered a sewer
  3786 | D:5      | Entered Level 5 of the Dungeon
  3792 | D:5      | Found a broken altar of Ashenzari.
  3797 | D:5      | Reached XP level 6. HP: 63/63 MP: 5/5
  3807 | D:5      | Reached skill level 5 in Fighting
  3807 | D:5      | Reached skill level 1 in Shapeshifting
  3890 | D:5      | Noticed an ice beast
  3895 | D:5      | Reached XP level 7. HP: 72/72 MP: 6/6
  3901 | D:5      | Reached skill level 5 in Unarmed Combat
  4116 | D:5      | Found a staircase to the Ecumenical Temple.
  4301 | D:6      | Reached XP level 8. HP: 83/83 MP: 7/7
  4306 | D:6      | Noticed Maggie
  4310 | D:6      | Reached *** piety under Trog
  4472 | D:6      | Killed Maggie
  4575 | D:6      | Reached skill level 5 in Shapeshifting
  4663 | D:6      | Noticed Blork the orc
  4671 | D:6      | Killed Blork the orc
  4831 | D:6      | Found Huul's Armour Shoppe.
  4871 | D:6      | Found Kysotoeg's Antique Armour Shop.
  4911 | D:6      | Reached XP level 9. HP: 57/93 MP: 8/8
  4988 | D:6      | Found a white marble altar of Elyvilon.
  5108 | D:6      | Noticed Jeremiah
  5128 | D:6      | Killed Jeremiah
  5309 | D:6      | Reached **** piety under Trog
  5426 | D:6      | Found a basalt altar of Yredelemnul.
  6015 | D:7      | Found a radiant altar of Vehumet.
  6461 | D:8      | Reached XP level 10. HP: 86/106 MP: 9/9
  7528 | D:9      | Identified the +3 trident of Adailunn {protect, rF- Str+5
                  | Int+2}
  7618 | D:9      | Found a shimmering blue altar of Sif Muna.
  7769 | D:10     | Entered Level 10 of the Dungeon
  8165 | D:10     | Noticed Erica
  8167 | D:10     | Found Ugae's Book Emporium.
  8174 | D:10     | Killed Erica
  8175 | D:10     | Reached XP level 11. HP: 117/117 MP: 10/10
  8284 | D:10     | Reached skill level 10 in Fighting
  8854 | D:10     | Found a shimmering altar of Xom.
  9289 | D:11     | Found a staircase to the Lair.
  9306 | D:11     | Found a staircase to the Orcish Mines.
  9355 | D:11     | Noticed a two-headed ogre
  9361 | D:11     | Killed a two-headed ogre
  9369 | D:11     | Reached ***** piety under Trog
  9370 | D:11     | Reached skill level 10 in Shapeshifting
  9695 | D:11     | Noticed a deep elf pyromancer
  9715 | D:11     | Killed a deep elf pyromancer
 10200 | Orc:1    | Entered Level 1 of the Orcish Mines
 10203 | Orc:1    | You fall into a shaft and drop 1 floor!
 10203 | Orc:2    | Entered Level 2 of the Orcish Mines
 10203 | Orc:2    | Noticed an orc knight
 10216 | Orc:2    | Killed an orc knight
 10237 | Orc:1    | Noticed an orc sorcerer
 10268 | Orc:1    | Noticed an orc warlord
 10379 | Orc:1    | Killed an orc sorcerer
 10587 | Orc:2    | Reached XP level 12. HP: 77/130 MP: 11/11
 10643 | Orc:2    | Found a staircase to the Elven Halls.
 10848 | Orc:2    | Noticed an orc high priest
 10893 | Orc:2    | Noticed an orc high priest
 10894 | Orc:2    | Killed an orc high priest
 10910 | Orc:2    | Killed an orc high priest
 11005 | Orc:2    | Reached skill level 10 in Unarmed Combat
 11052 | Orc:2    | Noticed an orc warlord
 11065 | Orc:2    | Noticed an orc high priest
 11246 | Orc:2    | Found Zagofu Zoawe's Jewellery Shop.
 11473 | Orc:1    | Found a roughly hewn altar of Beogh.
 11901 | Orc:2    | Paralysed by an orc sorcerer for 4 turns
 12096 | Orc:2    | Noticed an orc high priest
 12226 | Orc:2    | Killed an orc high priest
 12333 | Orc:2    | Killed an orc warlord
 12391 | Orc:2    | Killed an orc high priest
 12464 | Orc:2    | Paralysed by an orc sorcerer for 4 turns
 12555 | Orc:2    | Found Quosat's Antique Armour Emporium.
 12556 | Orc:2    | Found Jiuthrab's Antique Weapon Emporium.
 12558 | Orc:2    | Found Ceiskyx's General Store.
 12558 | Orc:2    | Found Sal Eqo's Jewellery Shoppe.
 12836 | Orc:2    | Killed an orc warlord
 12837 | Orc:2    | Reached XP level 13. HP: 80/141 MP: 12/12
 13003 | D:10     | Bought a manual of Unarmed Combat for 1120 gold pieces
 13036 | Lair:1   | Entered Level 1 of the Lair of Beasts
 14262 | Lair:2   | Found a staircase to the Shoals.
 15504 | Lair:3   | Reached XP level 14. HP: 148/154 MP: 13/13
 15574 | Lair:3   | Found a hole to the Spider Nest.
 16716 | Lair:4   | Noticed Sonja
 16791 | Lair:4   | Killed Sonja
 17024 | Lair:4   | HP: 10/234 [eight-headed hydra (6)]
 17024 | Lair:4   | Slain by an eight-headed hydra

Illustrated notes

Levels and vault maps discovered:
D:1:      minmay_arrival_cross, layout_basic, nicolae_ecumenical_lake_church,
          dk_noncrumbling_3
D:2:      layout_basic
D:3:      layout_loops_cross, gup_sewer_entry_bowl, minivault_11,
          minmay_shallow_snake_nest, uniq_crazy_yiuf_cottage, uniq_terence
D:4:      layout_gridville, nicolae_twisty_statue_hallways
D:5:      layout_cave_pools, mainiacjoe_overflow_paths,
          minmay_temple_entry_poolview
D:6:      layout_loops_ring, nicolae_elyvilon_peaceful_grove,
          lemuel_zombie_altar_yredelemnul, serial_shops, shop_statue, shop,
          hangedman_decor_slide_cut, nrook_mini_backslash, uniq_jeremiah,
          uniq_maggie, uniq_blork_the_orc
D:7:      layout_basic, fiery_altar_vehumet, hangedman_decor_peaks_small,
          minmay_a_box_with_orc_wizards_in_it
D:8:      layout_basic, corexii_leaking_fountain,
          nicolae_concentric_dashed_squares_wild
D:9:      layout_cave_pools, mainiacjoe_overflow_alcove_2, roderic_roman_lattice
D:10:     layout_layer_cave, tgw_xom, nicolae_stop_n_shop_1,
          grunt_ministairs_13, uniq_erica
D:11:     minmay_firetagon, layout_gridville, lair_entry_dummy, david_orc_3,
          minmay_misc_feat_chi, the_hattery
Lair:1:   layout_roguey, dreamdust_mushroom_princess,
          chequers_serial_rivers_micro_d, grunt_megastairs_1
Lair:2:   layout_cave_pods, elwin_shoals_entry_rocks, nicolae_lair_lakeside_cave
Lair:3:   layout_regular_city, spider_nest_entry_webs, minivault_25
Lair:4:   onia_ninara_swampy_vault, layout_cave_shapes, uniq_sonja
Orc:1:    layout_caves, mines1_david
Orc:2:    st_orc_congregation, layout_diamond_mine, serial_shops, shop

Skill      XL: |  1  2  3  4  5  6  7  8  9 10 11 12 13 14 |
---------------+-------------------------------------------+-----
Fighting       | 3 4 5 6 7 8 9 11 12 13 14 | 14.0
Unarmed Combat | 4 5 6 7 8 9 10 12 13 | 13.2
Shapeshifting  | 2 3 5 7 9 10 12 13 14 | 14.3
Dodging        | |  2.4

Action                     |  1- 3 |  4- 6 |  7- 9 | 10-12 | 13-15 || total
---------------------------+-------+-------+-------+-------+-------++-------
  Melee: Unarmed           |    91 |   122 |   260 |   725 |   435 ||  1633
         Punch             |     1 |     4 |    11 |    40 |    29 ||    85
         Eveningstar       |       |       |       |       |    17 ||    17
  Throw: Dart              |       |       |     2 |     1 |     1 ||     4
 Invoke: Berserk           |     1 |     1 |     7 |    19 |    11 ||    39
         Trog's Hand       |       |       |     3 |    16 |     5 ||    24
         Brothers in Arms  |       |       |       |     5 |     1 ||     6
  Evoke: Wand              |       |       |       |     3 |    11 ||    14
    Use: Scroll            |       |     5 |     4 |     3 |     5 ||    17
         Potion            |       |       |       |     1 |     1 ||     2
   Stab: Sleeping          |     1 |       |     2 |       |     2 ||     5
         Distracted        |       |       |       |       |     1 ||     1
 Armour: Animal skin       |    61 |    11 |       |       |       ||    72
         Robe              |       |    58 |    88 |       |       ||   146
         Steam dragon scal |       |       |   107 |   660 |   512 ||  1279
  Dodge: Dodged            |    43 |    43 |   111 |   398 |   206 ||   801

Table legend: (Time is in decaauts)
 A = Elapsed time spent in this place.
 B = Non-inter-level travel time spent in this place.
 C = Inter-level travel time spent in this place.
 D = Time resting spent in this place.
 E = Time spent auto-exploring this place.
 F = Levels seen in this place.
 G = Mean time per level.
                   A        B        C        D        E       F      G
               +--------+--------+--------+--------+--------+-----+--------+
         Total |  17126 |  16028 |   1098 |   2255 |  10140 |  18 |  951.4 |
       Dungeon |  10187 |   9488 |    699 |    755 |   6926 |  11 |  926.1 |
          Lair |   3992 |   3803 |    189 |    632 |   2296 |   4 |  998.0 |
  Orcish Mines |   2854 |   2645 |    209 |    868 |    869 |   2 | 1427.0 |
         Sewer |     91 |     91 |      0 |      0 |     48 |   1 |   91.0 |
               +--------+--------+--------+--------+--------+-----+--------+

Top non-repeatable levels by time:
   Orc:2: 2306 daAuts
  Lair:2: 1346 daAuts
    D:10: 1282 daAuts
  Lair:3: 1204 daAuts
    D:11: 1199 daAuts
     D:2: 1102 daAuts
     D:6: 978 daAuts
  Lair:1: 922 daAuts
     D:3: 888 daAuts
     D:1: 884 daAuts
     D:7: 858 daAuts
     D:4: 824 daAuts
     D:8: 788 daAuts
     D:5: 732 daAuts
     D:9: 646 daAuts
